Description

ewewe

Replay - 1 - [TLMC15] Glittering Ashes

Build Order

Get SALT Encoding   

  12  0:00  SCV  
  13  0:12  SCV  
  14  0:16  Supply Depot  
  14  0:24  SCV  
  15  0:38  SCV  
  15  0:40  Barracks  
  16  0:43  Refinery  
  16  0:50  SCV  
  17  1:02  SCV  
  18  1:14  SCV  
  19  1:27  Orbital Command, Reaper  
  20  1:39  Command Center  
  20  1:47  Supply Depot  
  20  1:53  SCV  
  21  1:59  Marine  
  22  2:05  SCV  
  23  2:11  Factory  
  23  2:17  SCV  
  23  2:21  Barracks Reactor  
  25  2:37  Command Center  
  26  2:51  Orbital Command  
  27  2:59  Starport  
  27  3:03  Refinery  
  27  3:10  Hellion x2  
  34  3:20  Barracks Tech Lab  
  34  3:31  Hellion x2  
  41  3:42  Banshee  
  45  3:50  Orbital Command  
  45  3:54  Cloaking Field  
  47  3:59  Hellion x2  
  51  4:07  Supply Depot  
  53  4:11  Barracks Tech Lab  
  54  4:23  Hellion  
  58  4:25  Banshee  
  58  4:29  Hellion, Barracks x2  
  66  4:39  Supply Depot  
  66  4:40  Stimpack  
  66  4:44  Marine  
  68  4:47  Refinery x2  
  68  4:49  Orbital Command  
  69  5:00  Factory Reactor  
  69  5:01  Supply Depot  
  69  5:02  Marine  
  69  5:05  Engineering Bay x2  
  73  5:20  Marine  
  76  5:23  Starport Reactor  
  76  5:26  Barracks Reactor  
  75  5:30  Barracks x2  
  75  5:33  Terran Infantry Armor Level 1, Terran Infantry Weapons Level 1  
  75  5:34  Marine x3  
  80  5:49  Widow Mine x2  
  77  5:52  Marine x3  
  83  6:03  Medivac x2  
  94  6:20  Combat Shield  
  94  6:21  Barracks Reactor x2  
  94  6:23  Widow Mine x2  
  105  6:37  Refinery  
  105  6:38  Factory  
  110  6:50  Widow Mine x2  
  110  6:52  Command Center  
  110  6:54  Medivac  
  123  7:05  Armory  
  124  7:13  Medivac  
  124  7:14  Widow Mine x2  
  131  7:25  Widow Mine  
  131  7:26  Medivac  
  141  7:38  Widow Mine  
  149  7:45  Medivac  
  157  7:57  Terran Infantry Weapons Level 2  
  161  7:59  Drilling Claws  
  164  8:18  Medivac  
  158  8:30  Barracks x2  
  158  8:33  Terran Infantry Armor Level 2  
  159  8:34  Terran Vehicle And Ship Armor Level 1  
  172  8:48  Medivac  
  172  8:53  Barracks  
  177  9:01  Planetary Fortress  
  182  9:07  Medivac  
  189  9:26  Barracks Tech Lab x2  
  195  9:40  Command Center  
  195  9:43  Barracks Tech Lab  
  195  9:44  Marauder  
  198  9:49  Refinery x2  
  198  9:50  Concussive Shells  
  198  9:51  Sensor Tower  
  198  9:57  Sensor Tower  
  198  9:59  Medivac  
Spawning Tool Build Advisor. Get it on Overwolf

Go to:

Details

  • Created by: lucahecker
  • Published on: Nov 03, 2021
  • Modified on: Nov 03, 2021
  • Patch: 4.11.0
  • Difficulty: Hard
Show
View Real Time Build Order
Export as new Build Order

Comments (0)

There are no comments. Be the first!

Create an account to comment!